 Dungeon Crawl Stone Soup version 0.26-b1-32-g5d43845318 (webtiles) character file.

Game seed: 12950561757526873718

29374 Arthanis the Scorcher (level 13, -17/63 (66) HPs)
             Began as a Deep Elf Fire Elementalist on Jan 13, 2021.
             Was an Elder of Vehumet.
             Demolished by a death ooze (21 damage)
             ... in a Gauntlet.
             The game lasted 00:38:22 (19167 turns).

Arthanis the Scorcher (Deep Elf Fire Elementalist) Turns: 19167, Time: 00:38:22

HP:   -17/63 (66)   AC:  7    Str:  5    XL:     13   Next: 14%
MP:   5/32          EV: 23    Int: 26    God:    Vehumet [****..]
Gold: 1138          SH: 15    Dex: 27    Spells: 11/38 levels left

rFire    + . .     SeeInvis .   f - +0 dagger (elec)
rCold    x . .     Faith    .   v - +3 buckler {rF+}
rNeg     . . .     Spirit   .   a - +0 robe
rPois    +         Reflect  +   (no helmet)
rElec    .         Harm     .   x - +2 cloak {rPois}
rCorr    +         Rampage  .   G - +0 pair of gloves of Aqymoq {rC- rCorr Dex+6 Slay+5} (curse)
Will     +....     NoTele   +   o - +0 pair of boots
Stlth    +++.......             e - amulet of reflection
HPRegen  0.20/turn              t - +4 ring of evasion
MPRegen  0.23/turn              U - +6 ring of dexterity

@: studying Invocations, lightly drained
A: no striking features
a: Renounce Religion


You were in a Gauntlet.
You worshipped Vehumet.
Vehumet was greatly pleased with you.
You visited 2 branches of the dungeon, and saw 15 of its levels.
You also visited: Bailey and Gauntlet.

You collected 1138 gold pieces.

Inventory:

Hand Weapons
 d - a cursed +0 halberd of venom
 f - a +0 dagger of electrocution (weapon)
 u - a +0 vampiric trident
 w - a +3 quarterstaff of chaos
 C - a +0 halberd
 T - a +5 trident of freezing
Armour
 a - a +0 robe (worn)
 m - a +0 cloak
 o - a +0 pair of boots (worn)
 v - a +3 buckler of fire resistance (worn)
 x - a +2 cloak of poison resistance (worn)
 G - the cursed +0 pair of gloves of Aqymoq (worn) {rC- rCorr Dex+6 Slay+5}
   (You found it on level 7 of the Dungeon)

   It affects your dexterity (+6).
   It affects your accuracy and damage with ranged weapons and melee attacks
   (+5).
   It makes you vulnerable to cold.
   It provides partial protection from all sources of acid and corrosion.
   It has a curse placed upon it.
Magical Staves
 L - an uncursed staff of cold
Jewellery
 e - an amulet of reflection (around neck)
 s - an uncursed ring of ice
 t - a +4 ring of evasion (left hand)
 y - an uncursed ring of wizardry
 J - an uncursed ring of flight
 U - a +6 ring of dexterity (right hand)
 W - an uncursed ring of positive energy {unknown}
Wands
 r - a wand of polymorph (7)
 E - a wand of acid (10)
 H - a wand of enslavement (8)
 N - a wand of iceblast (3)
 P - a wand of paralysis (18)
Scrolls
 c - a scroll of teleportation
 g - 2 scrolls of fog
 i - a scroll of random uselessness {unknown}
 k - 3 scrolls of immolation
 l - 5 scrolls of amnesia
 n - 17 scrolls of remove curse
 p - a scroll of vulnerability {unknown}
 D - 2 scrolls of enchant weapon
 F - a scroll of magic mapping
 K - a scroll of blinking
 M - a scroll of fear {unknown}
 Q - a scroll of brand weapon {unknown}
Potions
 b - 5 potions of curing
 h - 2 potions of might
 j - a potion of resistance {unknown}
 q - 2 potions of heal wounds {unknown}
 z - 5 potions of brilliance
 B - a potion of attraction {unknown}
 I - 3 potions of haste {unknown}
 O - a potion of berserk rage {unknown}
 R - a potion of magic {unknown}
 S - a potion of flight {unknown}
 V - a potion of mutation {unknown}
Books
 A - a manual of Invocations


   Skills:
 - Level 2.0 Fighting
 + Level 6.5 Dodging
 - Level 3.0 Stealth
 - Level 4.0 Shields
 + Level 13.2 Spellcasting
 + Level 11.5 Conjurations
 * Level 15.2 Fire Magic
 - Level 6.1 Evocations


You had 11 spell levels left.
You knew the following spells:

 Your Spells              Type           Power        Failure   Level
a - Foxfire               Conj/Fire      100%         0%          1
b - Conjure Flame         Conj/Fire      72%          1%          3
c - Sticky Flame          Conj/Fire      72%          1%          4
d - Fireball              Conj/Fire      36%          1%          5
e - Magic Dart            Conj           100%         1%          1
f - Blink                 Tloc           N/A          4%          2
g - Mephitic Cloud        Conj/Pois/Air  37%          1%          3
h - Stone Arrow           Conj/Erth      94%          1%          3
i - Lightning Bolt        Conj/Air       23%          2%          5

Your spell library contained the following spells:

 Spells                   Type           Power        Failure   Level
 Olgreb's Toxic Radiance  Pois           17%          9%          4
 Inner Flame              Hex/Fire       54%          1%          3
 Animate Skeleton         Necr           34%          3%          1
 Pain                     Necr           68%          3%          1
 Call Imp                 Summ           17%          4%          2
 Slow                     Hex            17%          4%          2
 Vampiric Draining        Necr           8%           10%         3
 Animate Dead             Necr           8%           32%         4
 Ice Form                 Ice/Tmut       17%          32%         4
 Agony                    Necr           17%          67%         5


Dungeon Overview and Level Annotations

Branches:
Dungeon (14/15)            Temple (1/1) D:5            Lair (0/6) D:10
    Orc (0/2) D:10         Bailey (visited)         Gauntlet (1/1)
 Vaults: D:13-14

Altars:
Ashenzari
Cheibriados
Dithmenos
Elyvilon
Fedhas
Gozag
Hepliaklqana
Kikubaaqudgha
Makhleb
Nemelex Xobeh
Okawaru
Qazlal
Ru
Sif Muna
Trog
Uskayaw
Vehumet
Wu Jian
Xom
Yredelemnul
Zin
The Shining One

Shops:
D:6 (   D:10 :

Portals:
Trove: D:10 (show slimy rune of Zot)

Annotations:
Gauntlet 5 transporters


Message History

The death ooze hits you!!
* * * LOW HITPOINT WARNING * * *
The death ooze barely misses you.
You feel better.
The death ooze burns!
The death ooze stops burning.
The death ooze completely misses you. The death ooze hits you!
* * * LOW HITPOINT WARNING * * *
Casting: Sticky Flame (safe; 1% risk of failure)
Confirm with . or Enter, or press ? or * to list all spells.
Aiming: Sticky Flame (safe; 1% risk of failure)
Press: ? - help, Shift-Dir - straight line, f/p - death ooze
Aim: a death ooze (moderately damaged, 0% to evade)
The sticky flame hits the death ooze!
The death ooze is moderately damaged.
The death ooze is covered in liquid flames!
The death ooze burns!
You block the death ooze's attack. The death ooze closely misses you.
You feel better.
The death ooze burns!
The death ooze hits you!!
* * * LOW HITPOINT WARNING * * *
The death ooze hits you!!
You die...

...#.#≈≈8§≈#©.........©.........©
####.############################
....©...........©#≈§≈§8§≈≈≈#©....
#################################
.........#.#[(##.....#.#h......^.
...###^..#.#.##.###..#.#h#.#.#^#.
....#....#.#?#.##.##.#.#..#.#.#^.
.#..#©.#.#.#.#.#J#.#.#.#.#.#.#.#.
^#######.#.#.#.#@#.#J#.# .#
.#.#.#.#.#.#.#.#.# #. ##.##.# .#
###.## ..##©# ### # ..... ..
...... ########


You could see a death ooze (burning) and a jelly.

Vanquished Creatures
  Snorg (D:12)
  3 hydras
  A vault guard (D:10)
  A centaur warrior (D:14)
  A two-headed ogre (D:14)
  A queen ant (Gauntlet)
  A wizard (Gauntlet)
  2 unseen horrors (D:12)
  2 orc knights (Bailey)
  Pikel (D:8)
  An ugly thing (D:11)
  A manticore (D:13)
  A slime creature (Gauntlet)
  2 cyclopes
  An elephant (D:10)
  Psyche (D:10)
  4 gargoyles
  A kobold demonologist (D:14)
  4 trolls
  A queen bee (D:8)
  A polar bear (D:10)
  3 hornets
  3 shadows (D:12)
  A spriggan (Bailey)
  A ynoxinul (D:9)
  18 yaks
  4 wyverns
  Grum (D:8)
  2 basilisks (D:14)
  8 soldier ants
  A water moccasin (D:11)
  16 orc warriors
  2 sky beasts
  A hornet zombie (D:12)
  5 ice beasts
  4 black bears
  A necrophage (D:11)
  4 phantoms
  7 ogres
  3 wolves
  4 boggarts (D:14)
  11 centaurs
  A lemure (D:8)
  7 bullfrogs
  2 big kobolds
  A gnoll sergeant (D:13)
  A wyvern zombie (D:14)
  A wyvern skeleton (D:6)
  7 killer bees (D:8)
  13 wights
  A howler monkey (D:12)
  2 electric eels (D:10)
  4 centaur zombies
  2 bullfrog zombies
  6 hounds
  11 jellies
  11 orc priests
  Crazy Yiuf (D:4)
  A gnoll shaman (D:9)
  A bullfrog skeleton (D:9)
  2 centaur skeletons
  4 iguanas
  Ijyb (D:3)
  Terence (D:2)
  11 orc wizards
  6 worker ants
  3 hound skeletons
  11 gnolls
  A howler monkey skeleton (D:4)
  6 adders
  9 river rats (D:6)
  2 shadow imps (Gauntlet)
  3 white imps
  An ooze (D:2)
  3 ufetubi
  An adder zombie (D:6)
  2 worms (D:2)
  4 dart slugs (D:1)
  7 leopard geckos
  77 orcs
  2 giant cockroaches
  10 goblins
  5 hobgoblins
  16 jackals
  31 kobolds
  9 quokkas
  5 bats
  A frilled lizard (D:1)
  27 rats
  A foxfire (D:12)
467 creatures vanquished.

Vanquished Creatures (collateral kills)
  5 foxfires
5 creatures vanquished.

Vanquished Creatures (others)
  1784 foxfires
  45 plants
1829 creatures vanquished.

Grand Total: 2301 creatures vanquished

Notes
Turn   | Place    | Note
-------+----------+-------------------------------------------
     0 | D:1      | Arthanis the Deep Elf Fire Elementalist began the quest for
                  | the Orb.
     0 | D:1      | Reached XP level 1. HP: 10/10 MP: 6/6
     0 | D:1      | Noticed a red draconian
     0 | D:1      | Noticed an iron dragon
     2 | D:1      | Noticed a large abomination
     2 | D:1      | Noticed a tentacled monstrosity
     4 | D:1      | Noticed an ice dragon
     5 | D:1      | Noticed a large abomination
     8 | D:1      | Noticed a large abomination
     9 | D:1      | Noticed a shadow dragon
    11 | D:1      | Noticed an iron dragon
    11 | D:1      | Noticed an iron dragon
    13 | D:1      | Noticed a shadow dragon
    13 | D:1      | Noticed an ice dragon
    15 | D:1      | Noticed a shadow dragon
    15 | D:1      | Noticed an iron dragon
    15 | D:1      | Noticed a tentacled monstrosity
    17 | D:1      | Noticed an orb of fire
    17 | D:1      | Noticed a yellow draconian
    20 | D:1      | Noticed a shadow dragon
    20 | D:1      | Noticed a large abomination
   304 | D:1      | Reached XP level 2. HP: 15/15 MP: 5/8
   700 | D:1      | Reached skill level 4 in Fire Magic
   824 | D:1      | Reached XP level 3. HP: 19/19 MP: 6/10
  2120 | D:2      | Reached XP level 4. HP: 24/24 MP: 8/11
  2204 | D:2      | Learned a level 3 spell: Conjure Flame
  2209 | D:2      | Learned a level 4 spell: Sticky Flame
  2456 | D:2      | Found a white marble altar of Elyvilon.
  2456 | D:2      | Found a burning altar of Makhleb.
  2457 | D:2      | Found a broken altar of Ashenzari.
  2460 | D:2      | Found a hide-covered altar of Uskayaw.
  2709 | D:3      | Noticed Terence
  2761 | D:2      | Killed Terence
  3074 | D:3      | Reached skill level 5 in Fire Magic
  3078 | D:3      | Reached XP level 5. HP: 28/28 MP: 0/13
  3441 | D:3      | Noticed Ijyb
  3452 | D:3      | Killed Ijyb
  3554 | D:3      | Learned a level 5 spell: Fireball
  3741 | D:3      | Found a sacrificial altar of Ru.
  3883 | D:4      | Found a runed translucent door.
  3884 | D:4      | Noticed Crazy Yiuf
  4369 | D:4      | Found a shimmering altar of Xom.
  4542 | D:4      | Killed Crazy Yiuf
  4543 | D:4      | Reached XP level 6. HP: 32/32 MP: 10/15
  4600 | D:5      | Entered Level 5 of the Dungeon
  4637 | D:5      | Reached skill level 5 in Spellcasting
  4681 | D:5      | Reached skill level 6 in Fire Magic
  4749 | D:5      | Reached XP level 7. HP: 36/36 MP: 3/17
  5043 | D:5      | Found a staircase to the Ecumenical Temple.
  5055 | D:5      | Reached skill level 7 in Fire Magic
  5061 | Temple   | Entered the Ecumenical Temple
  5262 | D:5      | Learned a level 1 spell: Magic Dart
  5265 | D:5      | Learned a level 2 spell: Blink
  5900 | D:6      | Reached skill level 5 in Conjurations
  6000 | D:6      | Reached skill level 8 in Fire Magic
  6000 | D:6      | Reached XP level 8. HP: 41/41 MP: 15/20
  6036 | D:6      | Found a hazy altar of Hepliaklqana.
  6309 | D:6      | Found Ompiaw's Weapon Shop.
  6852 | D:6      | Reached skill level 9 in Fire Magic
  7466 | D:7      | Reached XP level 9. HP: 45/45 MP: 5/23
  7693 | D:7      | Got a pair of ancient gloves
  7803 | D:7      | Reached skill level 10 in Fire Magic
  7809 | D:7      | Identified the cursed +0 pair of gloves of Aqymoq {rC-
                  | rCorr Dex+6 Slay+5} (You found it on level 7 of the
                  | Dungeon)
  8079 | D:7      | Found a radiant altar of Vehumet.
  8085 | D:7      | Became a worshipper of Vehumet
  8370 | D:8      | Reached skill level 1 in Evocations
  8483 | D:8      | Found a flagged portal.
  8600 | Bailey   | Entered a bailey
  8622 | Bailey   | Noticed an orc knight
  8622 | Bailey   | Noticed an orc knight
  8641 | Bailey   | Noticed an orc knight
  8973 | Bailey   | Learned a level 3 spell: Mephitic Cloud
  9247 | Bailey   | Identified the +1 leather armour of Ymeh {*Contam Int+5
                  | Dex+3}
  9258 | Bailey   | an orc knight changed into a spriggan
  9311 | Bailey   | Killed an orc knight
  9311 | Bailey   | Reached * piety under Vehumet
  9311 | Bailey   | Offered knowledge of Freeze by Vehumet.
  9322 | Bailey   | Killed an orc knight
  9323 | Bailey   | Reached XP level 10. HP: 50/50 MP: 18/25
  9527 | D:8      | Noticed Pikel
  9573 | D:8      | Killed Pikel
  9574 | D:8      | Reached skill level 1 in Fighting
 10087 | D:8      | Noticed Grum
 10090 | D:8      | Killed Grum
 10614 | D:8      | Found a blossoming altar of Fedhas.
 10837 | D:8      | Reached skill level 11 in Fire Magic
 11296 | D:9      | Offered knowledge of Sandblast by Vehumet.
 11424 | D:9      | Reached ** piety under Vehumet
 11585 | D:9      | Found a bloodstained altar of Trog.
 11876 | D:9      | Reached skill level 10 in Spellcasting
 12142 | D:9      | Found a sparkling altar of Nemelex Xobeh.
 12146 | D:9      | Found an ancient bone altar of Kikubaaqudgha.
 12206 | D:9      | Found a shimmering blue altar of Sif Muna.
 12209 | D:9      | Identified Sif Muna's Grimoire of Moulding
 12427 | D:10     | Entered Level 10 of the Dungeon
 12427 | D:10     | Found Tuwar's Book Emporium.
 12526 | D:10     | Reached XP level 11. HP: 57/57 MP: 16/27
 12528 | D:10     | Offered knowledge of Stone Arrow by Vehumet.
 12589 | D:9      | Learned a level 3 spell: Stone Arrow
 12687 | D:10     | Reached skill level 12 in Fire Magic
 12706 | D:10     | Reached *** piety under Vehumet
 13254 | D:10     | Noticed Psyche
 13259 | D:10     | Killed Psyche
 13263 | D:10     | Offered knowledge of Ignite Poison by Vehumet.
 13566 | D:10     | Found a staircase to the Lair.
 13911 | D:10     | Reached **** piety under Vehumet
 14069 | D:10     | Offered knowledge of Lightning Bolt by Vehumet.
 14070 | D:10     | Reached skill level 13 in Fire Magic
 14076 | D:10     | Learned a level 5 spell: Lightning Bolt
 14482 | D:10     | Found a staircase to the Orcish Mines.
 14584 | D:10     | Noticed a vault guard
 14596 | D:10     | Killed a vault guard
 14597 | D:10     | Reached skill level 10 in Conjurations
 14676 | D:10     | Found a portal to a secret trove of treasure.
 14741 | D:11     | Noticed a purple ugly thing
 14744 | D:11     | Killed a purple ugly thing
 15491 | D:12     | Noticed an unseen horror
 15492 | D:12     | Killed an unseen horror
 15493 | D:12     | Reached XP level 12. HP: 62/62 MP: 22/29
 15741 | D:12     | Reached skill level 14 in Fire Magic
 15920 | D:12     | Noticed Snorg
 15931 | D:12     | Killed Snorg
 16438 | D:12     | Noticed an eight-headed hydra
 16442 | D:12     | Killed an eight-headed hydra
 17141 | D:13     | Noticed a five-headed hydra
 17148 | D:13     | Killed a five-headed hydra
 17149 | D:13     | Reached skill level 5 in Dodging
 17149 | D:13     | Reached skill level 5 in Evocations
 17485 | D:13     | Noticed a six-headed hydra
 17498 | D:13     | Killed a six-headed hydra
 17980 | D:13     | Reached ***** piety under Vehumet
 18130 | D:14     | Offered knowledge of Olgreb's Toxic Radiance by Vehumet.
 18149 | D:14     | Found a gate leading to a gauntlet.
 18160 | D:14     | Noticed a two-headed ogre
 18170 | D:14     | Killed a two-headed ogre
 18171 | D:14     | Noticed a two-headed ogre
 18172 | D:14     | Noticed a centaur warrior
 18178 | D:14     | Noticed a centaur warrior
 18438 | D:14     | Killed a centaur warrior
 18439 | D:14     | Reached skill level 15 in Fire Magic
 18587 | D:14     | Reached XP level 13. HP: 66/66 MP: 20/32
 18606 | D:14     | Found a blossoming altar of Fedhas.
 18636 | Gauntlet | Entered a Gauntlet
 18636 | Gauntlet | Found a transporter.
 18832 | Gauntlet | Found a transporter.
 18848 | Gauntlet | Found a transporter.
 18853 | Gauntlet | Found a transporter.
 18854 | Gauntlet | Found a transporter.
 18861 | Gauntlet | Found a transporter.
 18866 | Gauntlet | Found a transporter.
 18880 | Gauntlet | Noticed a death ooze
 18918 | Gauntlet | Found a transporter.
 18932 | Gauntlet | Found a transporter.
 19155 | Gauntlet | Found a transporter.
 19167 | Gauntlet | Demolished by a death ooze

Illustrated notes

Levels and vault maps discovered:
D:1:      shiori_arrival_whats_in_store_for_you, layout_loops_ring
D:2:      layout_loops_ring, minitemple, serial_bayou_lagoon_a,
          minmay_misc_feat_more_columns
D:3:      layout_loops_ring, nicolae_overflow_crystal_walls,
          kennysheep_generic_room_8, uniq_terence, uniq_ijyb
D:4:      layout_gridville, lemuel_crystal_altar, uniq_crazy_yiuf_cottage
D:5:      layout_cave_pools, minmay_temple_entry_offerings, minmay_manual_maat
D:6:      lemuel_ratsnest, layout_rooms, nzn_hepliaklqana_mist_gate,
          serial_shops, kennysheep_little_box
D:7:      layout_loops_ring, marbit_many_paths
D:8:      layout_gridville, basic_altar, enter_bailey_5,
          nicolae_looking_at_the_future, uniq_pikel, uniq_grum
D:9:      layout_roguey, nzn_overflow_gifts_of_might_and_magic,
          grunt_temple_overflow_open, zaba_anthole
D:10:     layout_roguey [special_room_orc], david_lair_generic, erik_orc_2,
          serial_ice, serial_ice_c, serial_ice_g, serial_ice_n, serial_ice_f,
          enter_trove_5, serial_shops, nicolae_shop_statue_plus, uniq_psyche
D:11:     layout_cross
D:12:     layout_basic, st_stairs_2, lemuel_nasty_fountain, uniq_snorg
D:13:     layout_roguey, st_stairs_13, kennysheep_nondescript, drop_trap
D:14:     layout_rooms, david_vaults_5, basic_altar, gauntlet_entry_generic,
          kennysheep_decorative_pillar
Temple:   zaba_magenta_temple
Gauntlet: gammafunk_gauntlet_one_two_three [nicolae_gauntlet_arena_blocks,
          gammafunk_gauntlet_arena_split_x, nicolae_gauntlet_swirl,
          nicolae_gauntlet_arena_quarters, nicolae_gauntlet_arena_t_cross,
          gammafunk_gauntlet_arena_spirals, gammafunk_gauntlet_arena_grid,
          gammafunk_gauntlet_arena_mazey, nicolae_gauntlet_arena_flowing_pool,
          nicolae_gauntlet_exit_dead_adventurers]

Skill      XL: |  1  2  3  4  5  6  7  8  9 10 11 12 13 |
---------------+----------------------------------------+-----
Fire Magic     | 4 5 6 8 9 10 11 13 15 | 15.2
Conjurations   | 2 3 4 5 6 8 9 10 11 | 11.5
Spellcasting   | 4 5 6 8 9 10 11 13 | 13.2
Evocations     | 4 5 6 |  6.1
Dodging        | 3 4 6 |  6.5
Shields        | 3 4 |  4.0
Fighting       | 2 |  2.0
Stealth        | 3 |  3.0

Action                   |  1- 3 |  4- 6 |  7- 9 | 10-12 | 13-15 || total
-------------------------+-------+-------+-------+-------+-------++-------
Melee: Dagger            |     6 |     4 |    24 |    29 |       ||    63
 Cast: Foxfire           |   111 |   127 |   404 |   463 |       ||  1105
       Sticky Flame      |       |     1 |     8 |    39 |    11 ||    59
       Conjure Flame     |       |       |     2 |     6 |       ||     8
       Mephitic Cloud    |       |       |    11 |     7 |     1 ||    19
       Fireball          |       |       |     1 |   121 |    16 ||   138
       Lightning Bolt    |       |       |       |     1 |     1 ||     2
       Blink             |       |       |       |     3 |       ||     3
       Stone Arrow       |       |       |       |       |     2 ||     2
 Abil: Evoke Flight      |       |       |     4 |     1 |       ||     5
Evoke: Wand              |       |       |     1 |     3 |     1 ||     5
  Use: Scroll            |       |       |     8 |    15 |     1 ||    24
       Potion            |       |       |       |       |     4 ||     4
 Stab: Sleeping          |     1 |     1 |     3 |       |       ||     5
       Confused          |       |       |       |     2 |       ||     2
Armor: Robe              |     4 |     4 |     7 |    16 |       ||    31
Dodge: Dodged            |     5 |    24 |    71 |    70 |    13 ||   183
Block: Other             |     6 |     4 |    25 |       |       ||    35
       Reflection        |     1 |     1 |    13 |    20 |       ||    35
       Buckler           |       |       |    13 |    72 |    10 ||    95
